 Dungeon Crawl Stone Soup version 0.30-a0-930-gb9d0489357 (webtiles) character file.

Game seed: 18316665484499884339

15386 funkygono the Severer (level 12, -3/107 HPs)
             Began as a Minotaur Fighter on Mar 23, 2023.
             Was a Believer of Okawaru.
             Slain by a blink frog (8 damage)
             ... on level 2 of the Lair of Beasts.
             The game lasted 00:23:28 (10828 turns).

funkygono the Severer (Minotaur Fighter)           Turns: 10828, Time: 00:23:29

Health: -3/107     AC: 33    Str: 27    XL:     12   Next: 0%
Magic:  10/11      EV:  8    Int:  5    God:    Okawaru [**....]
Gold:   554        SH:  5    Dex:  9    Spells: 11/11 levels left

rFire   . . .      SeeInvis .    a - +1 war axe
rCold   + . .      Faith    .    c - +0 buckler
rNeg    . . .      Spirit   .    H - +7 plate armour {rC+}
rPois   .          Reflect  .    F - +2 hat
rElec   .          Rampage  .    (no cloak)
rCorr   .                        e - +0 pair of gloves
Will    .....                    (no boots) Stlth
                                 (no amulet)
HPRegen 0.37/turn                q - +4 ring of protection
MPRegen 0.12/turn                D - +4 ring of protection

@: no status effects
A: horns 2, retaliatory headbutt
a: Renounce Religion, Heroism


You were on level 2 of the Lair of Beasts.
You worshipped Okawaru.
Okawaru was pleased with you.
You visited 3 branches of the dungeon, and saw 13 of its levels.

You collected 750 gold pieces.
You spent 196 gold pieces at shops.

Inventory:

Hand Weapons
 a - a +1 war axe (weapon)
Missiles
 y - a throwing net
 A - 8 poisoned darts (quivered)
 I - 7 javelins
 L - 5 boomerangs
Armour
 c - a +0 buckler (worn)
 e - a +0 pair of gloves (worn)
 F - a +2 hat (worn)
 H - a +7 plate armour of cold resistance (worn)
Jewellery
 b - a ring of positive energy
 q - a +4 ring of protection (left hand)
 s - a ring of poison resistance
 D - a +4 ring of protection (right hand)
Wands
 o - a wand of digging (6)
 t - a wand of quicksilver (6)
 u - a wand of flame (29)
 w - a wand of roots (12)
Scrolls
 g - a scroll of fog
 h - a scroll of silence
 j - 2 scrolls of blinking
 k - 4 scrolls of teleportation
Potions
 d - a potion of might
 f - a potion of flight {unknown}
 i - 3 potions of invisibility
 n - 3 potions of haste
 r - 2 potions of resistance
 B - 4 potions of curing
 C - a potion of berserk rage {unknown}
 E - 3 potions of mutation {unknown}
 J - 2 potions of heal wounds
 K - 2 potions of lignification {unknown}
 N - 2 potions of cancellation {unknown}


   Skills:
 + Level 10.4 Fighting
 + Level 16.1 Axes
 + Level 11.0 Armour
 + Level 4.5 Dodging
 + Level 1.1 Stealth
 + Level 8.2 Shields
 + Level 0.5 Invocations


You had 11 spell levels left.
You didn't know any spells.
Your spell library contained the following spells:

 Spells                   Type           Power      Damage    Failure   Level
 Static Discharge         Conj/Air       0%         2-2/arc   100%        2
 Ignite Poison            Fire/Tmut/Pois 0%         N/A       100%        3
 Vhi's Electric Charge    Tloc/Air       0%         N/A       100%        3
 Sticky Flame             Conj/Fire      0%         2d3       100%        4
 Arcjolt                  Conj/Air       0%         1d10      100%        5
 Plasma Beam              Fire/Air       0%         2x1d11    100%        5
 Ignition                 Fire           0%         3d3       100%        8
 Animate Dead             Necr           Unusable   N/A       N/A         4
 Haunt                    Necr/Summ      Unusable   N/A       N/A         7
 Infestation              Necr           Unusable   N/A       N/A         8

Dungeon Overview and Level Annotations

Branches:
Dungeon (10/15)            Temple (1/1) D:6            Lair (2/5) D:10
  Swamp: Lair:2-3    Shoals: Lair:2-3     Snake: Lair:2-3    Spider: Lair:2-3
    Orc: D:9-12

Altars:
Ashenzari
Cheibriados
Dithmenos
Elyvilon
Fedhas
Gozag
Hepliaklqana
Kikubaaqudgha
Makhleb
Nemelex Xobeh
Okawaru
Qazlal
Ru
Sif Muna
Trog
Uskayaw
Vehumet
Wu Jian
Xom
Yredelemnul
Zin
The Shining One
Jiyva

Shops:
D:3 [   D:4 =   D:10 [

Annotations:
D:10 1 transporter


Innate Abilities, Weirdness & Mutations

You have a pair of horns on your head.
You reflexively headbutt those who attack you in melee.


Message History

Okawaru accepts your kill. The blink frog completely misses you.
The blink frog blinks!
Unknown command.
You slice the blink frog!!
You kill the blink frog!
Okawaru accepts your kill.
The blink frog blinks! x2
You have reached level 12!
You feel stronger.
The blink frog blinks!
The blink frog blinks!
You block the blink frog's attack. The blink frog hits you!
* * * LOW HITPOINT WARNING * * *
The blink frog blinks!
The blink frog blinks!
You enter the shallow water.
Moving in this stuff is going to be slow.
You feel like a meek peon again.
The blink frog hits you but does no damage.
The blink frog barely misses you. The blink frog misses you.
You closely miss the blink frog. Your headbutt misses the blink frog.
You hit the blink frog but do no damage.
The blink frog barely misses you. You furiously retaliate!
You headbutt the blink frog. The blink frog hits you!
* * * LOW HITPOINT WARNING * * *
The blink frog blinks!
The blink frog hits you but does no damage.
You closely miss the blink frog. Your headbutt misses the blink frog.
The blink frog is moderately wounded.
The blink frog hits you!
* * * LOW HITPOINT WARNING * * *
You barely miss the blink frog.
The blink frog is moderately wounded.
The blink frog hits you.
* * * LOW HITPOINT WARNING * * *
You barely miss the blink frog.
The blink frog is moderately wounded.
The blink frog blinks!
The blink frog hits you!
You die...

♣PP~≈≈≈≈≈≈~~♣~.#.#.#
#...P~~♣♣
♣~♣~≈≈≈≈≈~~~~♣♣#.##.#
##..P~♣♣ ♣~≈≈≈≈≈≈≈≈≈~§~#..#
## ###~P~♣♣
~≈≈≈≈≈≈≈≈~~♣♣...## #.~~SP
~≈≈≈≈≈≈≈~~~~###.# ######.PP.~
≈≈≈≈≈≈≈≈~~~....## #.........~
≈≈≈≈≈≈~~♣♣♣§..#.###..........
P~≈≈≈≈~P~♣♣F..#..♣P..P.......
≈≈≈≈≈≈~~~F.@..P~~~♣..♣......
≈≈≈≈~~♣♣.....♣~~♣~..P♣..... ≈
♣ ♣P.....~.~~~~........
♣~..P..P♣♣~~~~).♣....
♣♣#.>.P..♣~♣~~......P
#...#P..♣~.....P...
#....#♣..♣..P..###+
.....#..♣###P...... .. ...♣
.+......


You could see 2 blink frogs.

Vanquished Creatures
  A two-headed ogre (D:9)
  A boulder beetle (Lair:1)
  An obsidian statue (D:10)
  An ice statue (D:10)
  A black mamba (Lair:1)
  An elephant (D:10)
  4 cane toads (Lair:1)
  3 komodo dragons (Lair:1)
  Maggie (Lair:1)
  2 trolls
  A blink frog (Lair:2)
  4 wyverns
  18 yaks
  2 steam dragons
  Menkaure (D:7)
  7 water moccasins
  5 orc warriors
  A sky beast (D:6)
  9 black bears
  6 ice beasts
  An ogre (D:4)
  10 wolves
  3 centaurs
  8 bullfrogs
  2 scorpions
  A gnoll sergeant (D:10)
  4 wights (D:10)
  11 killer bees
  8 electric eels
  3 hounds
  3 orc priests
  Jessica (D:3)
  4 iguanas
  13 orc wizards
  Natasha (thrice) (D:2)
  2 sleepcaps
  9 gnolls
  9 adders
  A white imp (D:5)
  A worm (D:3)
  2 dart slugs (D:1)
  25 orcs
  5 ball pythons
  6 endoplasms
  5 giant cockroaches
  13 goblins
  10 hobgoblins
  3 jackals (D:1)
  7 quokkas
  7 bats
  8 frilled lizards
  5 kobolds
  4 rats
267 creatures vanquished.

Vanquished Creatures (others)
  A human (D:8)
  An orc wizard (D:5)
  3 fungi
  111 plants
116 creatures vanquished.

Grand Total: 383 creatures vanquished

Notes
Turn   | Place    | Note
-------+----------+-------------------------------------------
     0 | D:1      | funkygono the Minotaur Fighter began the quest for the Orb.
     0 | D:1      | Reached XP level 1. HP: 19/19 MP: 0/0
   185 | D:1      | Reached XP level 2. HP: 27/27 MP: 1/1
   469 | D:1      | Reached XP level 3. HP: 33/33 MP: 2/2
   478 | D:1      | Reached skill level 3 in Axes
   913 | D:2      | Reached XP level 4. HP: 25/40 MP: 3/3
   921 | D:2      | Reached skill level 1 in Dodging
   927 | D:2      | Noticed Natasha
   935 | D:2      | Killed Natasha
   936 | D:2      | Reached skill level 4 in Axes
  1081 | D:2      | Reached skill level 5 in Armour
  1081 | D:2      | Reached XP level 5. HP: 46/46 MP: 4/4
  1135 | D:2      | Noticed Natasha
  1143 | D:2      | Killed Natasha
  1444 | D:2      | Noticed Natasha
  1448 | D:2      | Killed Natasha
  1556 | D:3      | Reached skill level 5 in Axes
  1615 | D:3      | Noticed Jessica
  1619 | D:3      | Killed Jessica
  1682 | D:3      | Found Lirophex's Antique Armour Emporium.
  1747 | D:3      | Found a faded altar of an unknown god.
  1828 | D:3      | Reached XP level 6. HP: 53/53 MP: 5/5
  2236 | D:4      | Reached skill level 6 in Axes
  2277 | D:4      | Reached skill level 5 in Fighting
  2395 | D:4      | Reached XP level 7. HP: 59/61 MP: 6/6
  2399 | D:4      | Found a shadowy altar of Dithmenos.
  2476 | D:4      | Reached skill level 7 in Axes
  2524 | D:4      | Found Gyosm's Jewellery Emporium.
  3087 | D:5      | Entered Level 5 of the Dungeon
  3271 | D:5      | Reached skill level 8 in Axes
  3333 | D:5      | Reached XP level 8. HP: 58/69 MP: 7/7
  3411 | D:5      | Found an ornate altar of the Wu Jian Council.
  3411 | D:5      | Found a blossoming altar of Fedhas.
  3411 | D:5      | Found a white marble altar of Elyvilon.
  3411 | D:5      | Found a snail-covered altar of Cheibriados.
  3956 | D:3      | Bought an embroidered hat for 196 gold pieces
  4146 | D:6      | Reached skill level 9 in Axes
  4146 | D:6      | Reached skill level 5 in Shields
  4208 | D:6      | Found a staircase to the Ecumenical Temple.
  4224 | Temple   | Entered the Ecumenical Temple
  4642 | D:6      | Reached skill level 10 in Axes
  4642 | D:6      | Reached XP level 9. HP: 65/75 MP: 8/8
  4770 | D:7      | Found a basalt altar of Yredelemnul.
  5054 | D:7      | Noticed Menkaure
  5059 | D:7      | Killed Menkaure
  5060 | D:7      | Reached skill level 11 in Axes
  5728 | D:8      | Reached skill level 12 in Axes
  5952 | D:8      | Reached XP level 10. HP: 73/86 MP: 9/9
  6128 | D:8      | Reached skill level 13 in Axes
  6200 | D:8      | Found an ancient bone altar of Kikubaaqudgha.
  6255 | D:8      | Reached skill level 1 in Stealth
  6857 | D:9      | Found a sacrificial altar of Ru.
  6857 | D:9      | Found a radiant altar of Vehumet.
  7047 | D:9      | Noticed a two-headed ogre
  7080 | D:9      | Killed a two-headed ogre
  7411 | D:9      | Reached skill level 14 in Axes
  7651 | D:10     | Entered Level 10 of the Dungeon
  7956 | D:10     | Found a stormy altar of Qazlal.
  8047 | D:10     | Found a staircase to the Lair.
  8047 | D:10     | Noticed an elephant
  8056 | D:10     | Reached XP level 11. HP: 95/95 MP: 10/10
  8085 | D:10     | Reached skill level 10 in Armour
  8256 | D:10     | Found an iron altar of Okawaru.
  8285 | D:10     | Found Cheibriados's Comfort Zone.
  8285 | D:10     | Found a snail-covered altar of Cheibriados.
  8299 | D:10     | Became a worshipper of Warmaster Okawaru
  8344 | D:10     | Found a transporter.
  8353 | D:10     | Noticed an obsidian statue
  8370 | D:10     | Killed an obsidian statue
  8931 | Lair:1   | Entered Level 1 of the Lair of Beasts
  8950 | Lair:1   | Noticed Maggie
  8956 | Lair:1   | Reached skill level 15 in Axes
  8967 | Lair:1   | Killed Maggie
  8967 | Lair:1   | Reached * piety under Okawaru
  9301 | Lair:1   | Reached ** piety under Okawaru
  9504 | Lair:1   | Noticed a boulder beetle
  9539 | Lair:1   | Killed a boulder beetle
  9540 | Lair:1   | Reached skill level 10 in Fighting
  9935 | Lair:1   | Reached skill level 16 in Axes
 10816 | Lair:2   | Reached XP level 12. HP: 34/107 MP: 8/11
 10827 | Lair:2   | HP: 5/107 [blink frog (5)]
 10828 | Lair:2   | Slain by a blink frog

Illustrated notes

Levels and vault maps discovered:
D:1:      lightli_arrival_statuegarden, layout_loops_ring,
          dreamdust_wishing_well, minmay_cupped
D:2:      layout_rooms, minmay_quantized, uniq_natasha
D:3:      layout_basic, hellmonk_ecumenical_altar_crossroads, serial_shops,
          nicolae_shop_behind_doors, uniq_jessica
D:4:      layout_loops_ring, mainiacjoe_overflow_boulevard, serial_shops, shop,
          kennysheep_generic_room_11
D:5:      layout_loops_ring, chequers_temple_overflow_statue_of_worship
D:6:      kennysheep_six_static_rooms, layout_rooms, temple_fountains
D:7:      layout_loops_ring, mainiacjoe_overflow_alcove_1, minivault_24,
          uniq_menkaure
D:8:      layout_loops_ring, tgw_kikubaaqudgha
D:9:      layout_roguey, gammafunk_temple_overflow_pools, serial_bayou,
          serial_bayou_lagoon_b, serial_bayou_lagoon_a, serial_bayou_pond_d,
          serial_bayou_pond_d
D:10:     minmay_separated_statues, layout_basic, kennysheep_mini_moat,
          grunt_qazlal_clouds, david_lair_generic, minmay_shop_chei,
          nicolae_diode_basic
Temple:   pf_slime_end_temple
Lair:1:   layout_layer_cave, wad_woods_road_03, uniq_maggie
Lair:2:   layout_roguey, spider_nest_entry_funnel_web,
          portal_ice_cave_demonic_guard, serial_bayou, serial_bayou_lake_a,
          serial_bayou_ford_a, serial_bayou_pond_c, serial_bayou_pond_a

Skill      XL: |  1  2  3  4  5  6  7  8  9 10 11 |
---------------+----------------------------------+-----
Armour         | 4 5 6 7 8 9 11 | 11.0
Fighting       | 4 5 6 7 8 10 | 10.4
Axes           | 3 4 5 6 8 10 12 14 16 | 16.1
Dodging        | 1 2 3 4 |  4.5
Shields        | 4 5 6 7 8 |  8.2
Stealth        | 1 |  1.1
Invocations    | |  0.5

Action                     |  1- 3 |  4- 6 |  7- 9 | 10-12 || total
---------------------------+-------+-------+-------+-------++-------
  Melee: War axe           |    74 |   109 |   269 |   549 ||  1001
         Headbutt          |    11 |     8 |    40 |    99 ||   158
 Invoke: Heroism           |       |       |       |     4 ||     4
    Use: Scroll            |       |       |    17 |     7 ||    24
         Potion            |       |       |       |     2 ||     2
 Armour: Scale mail        |    26 |    81 |    62 |       ||   169
         Plate armour      |       |       |   110 |   311 ||   421
  Dodge: Dodged            |    35 |    73 |    80 |   128 ||   316
  Block: Buckler           |    23 |    20 |    49 |   101 ||   193

Table legend: (Time is in decaauts)
 A = Elapsed time spent in this place.
 B = Non-inter-level travel time spent in this place.
 C = Inter-level travel time spent in this place.
 D = Time resting spent in this place.
 E = Time spent auto-exploring this place.
 F = Levels seen in this place.
 G = Mean time per level.
                   A        B        C        D        E       F      G
               +--------+--------+--------+--------+--------+-----+--------+
         Total |  10845 |  10485 |    360 |    128 |   8025 |  13 |  834.2 |
       Dungeon |   8824 |   8541 |    283 |     70 |   6579 |  10 |  882.4 |
        Temple |    164 |    145 |     19 |      0 |    134 |   1 |  164.0 |
          Lair |   1856 |   1800 |     56 |     58 |   1312 |   2 |  928.0 |
               +--------+--------+--------+--------+--------+-----+--------+

Top non-repeatable levels by time:
  Lair:1: 1631 daAuts
    D:10: 1252 daAuts
     D:8: 1064 daAuts
     D:9: 1047 daAuts
     D:4: 901 daAuts
     D:5: 882 daAuts
     D:3: 822 daAuts
     D:1: 788 daAuts
     D:7: 774 daAuts
     D:2: 712 daAuts
     D:6: 577 daAuts
  Lair:2: 225 daAuts
  Temple: 164 daAuts
